 Dungeon Crawl Stone Soup version 0.22-a0-398-g8bb545f033 (webtiles) character file.

8481 RaHiT the Frost Mage (level 11, -12/81 HPs)
             Began as a Grey Draconian Ice Elementalist on May 5, 2018.
             Was an Elder of Vehumet.
             Mangled by a two-headed ogre
             ... wielding a +0 giant club of flaming
              (15 damage)
             ... in a volcano.
             The game lasted 01:53:42 (12323 turns).

RaHiT the Frost Mage (DrIE)                        Turns: 12323, Time: 01:53:42

Health: -12/81     AC: 14    Str: 10    XL:     11   Next: 10%
Magic:  22/26      EV: 10    Int: 18    God:    Vehumet [****..]
Gold:   723        SH:  0    Dex: 15    Spells: 19/33 levels left

rFire    + . .     SeeInvis .   F - +3 morningstar
rCold    . . .     Gourm    .   (no shield)
rNeg     . . .     Faith    .   (armour unavailable)
rPois    .         Spirit   .   (helmet restricted)
rElec    .         Reflect  .   (no cloak)
rCorr    .         Harm     .   C - +0 pair of gloves
MR       .....                  P - +0 pair of boots
Stlth    ++........             (no amulet)
HPRegen  0.23/turn              B - ring of protection from fire
MPRegen  0.20/turn              v - -2 ring of evasion

@: berserk cooldown, slowed, very slow
A: walk through water, unfitting armour, agile 1, robust 1, unbreathing,
cold-blooded, AC +12
a: Renounce Religion


You were in a volcano.
You worshipped Vehumet.
Vehumet was greatly pleased with you.
You were not hungry.

You visited 3 branches of the dungeon, and saw 11 of its levels.
You also visited: Volcano.

You collected 723 gold pieces.

Inventory:

Hand Weapons
 a - a +1 dagger of venom
 b - a +0 hunting sling
 u - a +1 mace of holy wrath
 E - a +3 dagger
 F - a +3 morningstar (weapon)
 K - a +0 whip of venom
 L - a +4 dagger
 Q - a +1 mace of protection
Missiles
 i - 219 stones
 p - 59 sling bullets
 r - 5 javelins
 D - 12 poisoned needles
 G - 3 curare-tipped needles
 H - 2 steel tomahawks
 M - 3 tomahawks
 U - 3 tomahawks of returning (quivered)
Armour
 C - a +0 pair of gloves (worn)
 P - a +0 pair of boots (worn)
Jewellery
 v - a -2 ring of evasion (right hand)
 B - a ring of protection from fire (left hand)
Wands
 h - a wand of polymorph (9)
 j - a wand of flame (14)
 y - a wand of disintegration (3)
 O - a wand of digging (14)
Scrolls
 c - 2 scrolls of enchant armour
 d - 2 scrolls of enchant weapon
 f - 3 scrolls of fog
 l - a scroll of magic mapping
 m - 2 scrolls of blinking {unknown}
 n - 2 scrolls of amnesia {unknown}
 o - 2 scrolls of remove curse
 q - 2 scrolls of teleportation {unknown}
 t - a scroll of silence {unknown}
 x - 2 scrolls of fear {unknown}
Potions
 e - 2 potions of might
 k - 3 potions of flight
 s - 2 potions of ambrosia
 w - a potion of magic
 A - 4 potions of curing
 I - 3 potions of mutation
 T - a potion of lignification
Miscellaneous
 N - a lamp of fire (inert)
Comestibles
 g - 22 rations


   Skills:
 - Level 2.0 Dodging
 - Level 1.7 Stealth
 + Level 11.5 Spellcasting
 - Level 1.0 Conjurations
 - Level 12.0 Ice Magic
 - Level 1.1 Evocations


You had 19 spell levels left.
You knew the following spells:

 Your Spells              Type           Power        Failure   Level  Hunger
a - Freeze                Ice            ####         1%          1    None
b - Throw Frost           Conj/Ice       ####..       1%          2    None
c - Ozocubu's Armour      Chrm/Ice       ####....     1%          3    None
d - Summon Ice Beast      Ice/Summ       ####....     6%          4    ##.....
e - Throw Icicle          Conj/Ice       ####....     1%          4    ##.....


Dungeon Overview and Level Annotations

Branches:
Dungeon (9/15)             Temple (1/1) D:4            Lair (1/6) D:9
    Orc (0/2) D:9

Altars:
Ashenzari
Cheibriados
Dithmenos
Elyvilon
Fedhas
Gozag
Hepliaklqana
Kikubaaqudgha
Makhleb
Nemelex Xobeh
Okawaru
Qazlal
Ru
Sif Muna
Trog
Uskayaw
Vehumet
Wu Jian
Xom
Yredelemnul
Zin
The Shining One

Shops:
D:6 (   D:8 %


Innate Abilities, Weirdness & Mutations

You can walk through water.
Your dull iron-grey scales are very hard. (AC +12)
You cannot fit into any form of body armour.
You can survive without breathing.
You are cold-blooded and may be slowed by cold attacks.
You are agile. (Dex +2)
You are robust. (+10% HP)


Message History

The heat melts your icy armour.
You hit the two-headed ogre.
Your tail-slap misses the two-headed ogre.
The two-headed ogre is severely wounded.
The two-headed ogre hits you with a giant club of flaming.
* * * LOW HITPOINT WARNING * * *
The two-headed ogre burns you.
* * * LOW HITPOINT WARNING * * *
The two-headed ogre barely misses you. The heat melts your icy armour.
Your icy armour cracks and falls away as you move.
You are no longer berserk.
You are exhausted.
You feel yourself slow down.
There is a rocky tunnel leading out of this place, spattered with blood here.
Casting: Ozocubu's Armour (safe; 1% risk of failure)
Confirm with . or Enter, or press ? or * to list all spells.
A chill wind blows around you. The two-headed ogre closely misses you.
The two-headed ogre hits you with a great mace of flaming!
You die...

≈≈≈≈≈ ≈≈≈≈≈
≈≈≈≈.≈
≈≈.≈≈≈
^.....#
+##....##
.......'###
O..#§.#.#Y#
#. #)#@# #
##O## ###


You could see a two-headed ogre and a friendly ice beast.

Vanquished Creatures
  2 two-headed ogres
  An orc knight (D:8)
  A spiny frog (Lair:1)
  Grinder (D:4)
  A hippogriff (D:7)
  4 yaks (Lair:1)
  A fire bat (Volcano)
  A steam dragon (D:9)
  2 wargs (D:8)
  Duvessa (D:5)
  3 orc warriors (D:8)
  An ice beast (D:9)
  A sky beast (D:5)
  A phantom (D:5)
  A black bear (D:7)
  A necrophage (D:5)
  An ogre (D:4)
  3 centaurs
  A bullfrog (Lair:1)
  Dowan (D:5)
  5 wights
  3 crimson imps
  5 hounds
  2 orc priests
  4 bullfrog skeletons
  8 orc wizards
  3 iguanas
  3 worker ants
  2 hound skeletons (D:8)
  A worker ant zombie (D:7)
  Robin (D:2)
  7 adders
  A howler monkey skeleton (D:6)
  2 shadow imps
  2 oozes (D:8)
  2 adder skeletons
  7 worms
  2 dart slugs
  3 leopard geckos
  75 orcs
  7 giant cockroaches
  22 goblins
  10 hobgoblins
  21 jackals
  4 quokkas
  2 ball pythons
  10 bats
  7 frilled lizards
  10 kobolds
  2 leopard gecko skeletons
  7 rats
  3 plants
272 creatures vanquished.

Vanquished Creatures (collateral kills)
  The ghost of dricus the Spear-Bearer, a novice MfSk (D:8)
  A hippogriff (D:9)
  2 wyverns (D:9)
  9 yaks (Lair:1)
  12 wargs (D:8)
  2 water moccasins
  7 orc warriors
  2 ogres
  2 centaurs
  5 crocodiles
  A big kobold (D:9)
  A bullfrog (D:7)
  A hound (D:7)
  An orc priest (D:8)
  A centaur zombie (D:9)
  4 jellies
  2 worker ants (D:9)
  An orc wizard (D:8)
  A hound skeleton (D:8)
  3 gnolls (D:9)
  An adder (D:9)
  A shadow imp (D:8)
  3 oozes (D:8)
  A leopard gecko (D:9)
  19 orcs
  A giant cockroach (D:7)
  2 jackals (D:8)
  A quokka (D:7)
  3 kobolds (D:9)
91 creatures vanquished.

Vanquished Creatures (others)
  2 fungi (D:5)
  14 plants
16 creatures vanquished.

Grand Total: 379 creatures vanquished

Notes
Turn   | Place    | Note
-------+----------+-------------------------------------------
     0 | D:1      | RaHiT the Draconian Ice Elementalist began the quest for the Orb.
     0 | D:1      | Reached XP level 1. HP: 14/14 MP: 3/3
   142 | D:1      | Reached XP level 2. HP: 15/20 MP: 3/5
   418 | D:1      | You fall through a shaft!
   459 | D:2      | Reached skill level 4 in Ice Magic
   506 | D:1      | Reached XP level 3. HP: 12/26 MP: 4/6
   517 | D:1      | Learned a level 2 spell: Throw Frost
   521 | D:1      | Learned a level 3 spell: Ozocubu's Armour
   928 | D:2      | Reached XP level 4. HP: 28/33 MP: 1/8
   992 | D:2      | Noticed Robin
  1002 | D:2      | Killed Robin
  1641 | D:3      | Reached XP level 5. HP: 26/38 MP: 8/11
  1900 | D:3      | Reached skill level 1 in Evocations
  2205 | D:2      | Reached skill level 5 in Ice Magic
  2358 | D:3      | Reached XP level 6. HP: 30/45 MP: 5/12
  2652 | D:4      | Found a staircase to the Ecumenical Temple.
  2652 | D:4      | Noticed Grinder
  2661 | D:4      | Paralysed by Grinder for 3 turns
  2673 | D:4      | Paralysed by Grinder for 4 turns
  2680 | D:4      | Paralysed by Grinder for 3 turns
  2683 | D:4      | Killed Grinder
  2683 | D:4      | Reached skill level 6 in Ice Magic
  2683 | D:4      | Your scales start taking on a dull iron-grey colour.
  2683 | D:4      | Reached XP level 7. HP: 12/50 MP: 7/13
  2683 | D:4      | Gained mutation: You can survive without breathing. [Grey Draconian growth]
  2690 | D:4      | Learned a level 4 spell: Summon Ice Beast
  2775 | D:4      | Reached skill level 7 in Ice Magic
  3049 | Temple   | Entered the Ecumenical Temple
  3540 | D:5      | Entered Level 5 of the Dungeon
  3565 | D:4      | Reached skill level 8 in Ice Magic
  3606 | D:5      | Noticed Dowan
  3607 | D:5      | Noticed Duvessa
  3624 | D:5      | Killed Duvessa
  3688 | D:4      | Reached XP level 8. HP: 8/57 MP: 0/14
  3839 | D:5      | Killed Dowan
  3839 | D:5      | Reached skill level 9 in Ice Magic
  4646 | D:5      | Reached skill level 10 in Ice Magic
  4976 | D:5      | Found a blossoming altar of Fedhas.
  4991 | D:5      | Found a stormy altar of Qazlal.
  5324 | D:6      | Reached skill level 5 in Spellcasting
  5673 | D:6      | Found a radiant altar of Vehumet.
  5687 | D:6      | Became a worshipper of Vehumet
  6182 | D:6      | Gained mutation: You are robust. (+10% HP) [potion of mutation]
  6182 | D:6      | Gained mutation: You are agile. (Dex +2) [potion of mutation]
  6226 | D:6      | Found Titt's Antique Weapon Shop.
  6339 | D:7      | Noticed a two-headed ogre
  6455 | D:7      | Reached XP level 9. HP: 61/67 MP: 13/18
  6861 | D:7      | Killed a two-headed ogre
  6993 | D:7      | Reached * piety under Vehumet
  6993 | D:7      | Offered knowledge of Sandblast by Vehumet.
  7025 | D:8      | Found a bloodstained altar of Trog.
  7189 | D:8      | Found Maoserph's Food Shoppe.
  7192 | D:8      | Found a sacrificial altar of Ru.
  7893 | D:8      | Reached ** piety under Vehumet
  7899 | D:8      | Noticed an orc warlord
  8317 | D:8      | Found a sacrificial altar of Ru.
  8513 | D:8      | Noticed an orc knight
  8535 | D:8      | Killed an orc knight
  8535 | D:8      | Reached skill level 10 in Spellcasting
  8535 | D:8      | Reached XP level 10. HP: 48/74 MP: 9/24
  8679 | D:8      | Offered knowledge of Throw Flame by Vehumet.
  8859 | D:8      | Noticed dricus's ghost (novice MfSk)
  8883 | D:8      | Killed dricus's ghost
  9143 | D:8      | Noticed a cyclops
  9447 | D:8      | Offered knowledge of Static Discharge by Vehumet.
  9686 | D:8      | Reached skill level 11 in Ice Magic
  9847 | D:9      | Noticed a hand axe
  9847 | D:9      | Noticed a dagger
  9850 | D:9      | Reached *** piety under Vehumet
  9851 | D:9      | Found a hide-covered altar of Uskayaw.
 10024 | D:9      | Offered knowledge of Fulminant Prism by Vehumet.
 10063 | D:9      | HP: 2/75 [orc warrior/trident (12)]
 10901 | D:9      | Learned a level 4 spell: Throw Icicle
 11027 | D:9      | Reached **** piety under Vehumet
 11036 | D:9      | Found a staircase to the Orcish Mines.
 11407 | D:9      | Found a staircase to the Lair.
 11766 | Lair:1   | Entered Level 1 of the Lair of Beasts
 11832 | Lair:1   | Offered knowledge of Dazzling Spray by Vehumet.
 11907 | Lair:1   | Reached skill level 12 in Ice Magic
 11936 | Lair:1   | Noticed a spiny frog
 11963 | Lair:1   | Killed a spiny frog
 12004 | Lair:1   | Reached XP level 11. HP: 17/81 MP: 7/26
 12009 | Lair:1   | Found a dark tunnel.
 12016 | Volcano  | Entered a volcano
 12290 | Volcano  | Noticed a two-headed ogre
 12291 | Volcano  | Noticed a two-headed ogre
 12318 | Volcano  | Killed a two-headed ogre
 12321 | Volcano  | HP: 5/121 [two-headed ogre/giant club of flaming (6)]
 12323 | Volcano  | Mangled by a two-headed ogre

Vault maps used:
D:1:      saegor_arrival_simple_a, st_stairs_13, serial_bayou_pond_e
D:2:      uniq_robin
D:4:      minmay_temple_entry_statues_pillars, first_ration, uniq_grinder
D:5:      grunt_temple_overflow_forces_of_nature, grunt_ministairs_14,
          st_stairs_9, uniq_duvessa
D:6:      lemuel_crystal_altar, serial_shops, nicolae_shop_waterfront
D:7:      hangedman_abyss_or_decor_jellyfish_corner
D:8:      lemuel_castle_with_subvaults, nicolae_ru_awakened_eye, bloody_trog,
          basic_altar, serial_shops, shop, hangedman_little_slice_of_home,
          grunt_ministairs_12, feat_on_display
D:9:      dancing_weapons_uskayaw, erik_lair_dragon, david_orc_2
Temple:   regret_index_temple_sphere_string
Lair:1:   nicolae_volcano_entry_s_turn, serial_forest,
          infiniplex_forest_fountain, infiniplex_forest_clump_double,
          infiniplex_forest_straight_3, infiniplex_forest_pool,
          infiniplex_forest_lined_corner, infiniplex_forest_clump_tiny,
          infiniplex_forest_fountain, infiniplex_forest_clump_small
Volcano:  volcano_village

Skill      XL: |  1  2  3  4  5  6  7  8  9 10 |
---------------+-------------------------------+-----
Dodging        | 2 |  2.0
Ice Magic      | 4 5 6 8 10 12 | 12.0
Spellcasting   | 3 4 6 10 11 | 11.5
Evocations     | 1 |  1.1
Stealth        | |  1.7
Conjurations   | |  1.0

Action                   |  1- 3 |  4- 6 |  7- 9 | 10-12 || total
-------------------------+-------+-------+-------+-------++-------
Melee: Hand axe          |    38 |       |       |       ||    38
       Unarmed           |    11 |       |       |       ||    11
       Dagger            |     6 |    84 |   150 |    76 ||   316
       Tailslap          |       |     3 |    25 |    10 ||    38
       Mace              |       |       |    77 |       ||    77
       Morningstar       |       |       |    14 |    25 ||    39
 Fire: Hunting sling     |       |       |   141 |    22 ||   163
Throw: Stone             |     4 |     9 |     9 |       ||    22
       Javelin           |       |       |     2 |       ||     2
 Cast: Freeze            |    55 |    64 |    91 |    67 ||   277
       Ozocubu's Armour  |     1 |     8 |    23 |     8 ||    40
       Throw Frost       |       |    11 |    26 |     5 ||    42
       Summon Ice Beast  |       |       |    41 |    85 ||   126
Evoke: Wand              |       |     5 |    32 |     2 ||    39
       Lamp of fire      |       |       |       |     1 ||     1
  Use: Scroll            |     1 |     6 |     6 |     6 ||    19
       Potion            |       |       |     4 |     4 ||     8
 Stab: Sleeping          |       |     1 |     4 |       ||     5
       Distracted        |       |       |     1 |     1 ||     2
  Eat: Chunk             |     1 |     7 |    21 |    15 ||    44
       Ration            |       |       |     2 |       ||     2
Armor: Skin              |    53 |    46 |   156 |    98 ||   353
Dodge: Dodged            |    85 |    71 |   207 |   124 ||   487

Table legend:
 A = Spawn XP
 B = Non-spawn XP
 C = Spawn XP percentage of total XP
 D = Spawn monster count
 E = Non-spawn monster count
 F = Spawn count percentage of total count
 G = Total turns spent on level
                    A         B        C        D         E        F      G
               +---------+---------+-------+---------+---------+-------+---------
         Total |       0 |   12116 |   0.0 |       0 |     360 |   0.0 | 12323
               +---------+---------+-------+---------+---------+-------+---------
           D:1 |       0 |      60 |   0.0 |       0 |      35 |   0.0 |   730
           D:2 |       0 |     143 |   0.0 |       0 |      35 |   0.0 |  1091
           D:3 |       0 |     179 |   0.0 |       0 |      32 |   0.0 |   713
           D:4 |       0 |     832 |   0.0 |       0 |      36 |   0.0 |  1215
           D:5 |       0 |     944 |   0.0 |       0 |      31 |   0.0 |  1624
           D:6 |       0 |     533 |   0.0 |       0 |      12 |   0.0 |   816
           D:7 |       0 |    1466 |   0.0 |       0 |      20 |   0.0 |   951
           D:8 |       0 |    3225 |   0.0 |       0 |      93 |   0.0 |  3043
           D:9 |       0 |    1369 |   0.0 |       0 |      47 |   0.0 |  1441
        Lair:1 |       0 |    2264 |   0.0 |       0 |      17 |   0.0 |   250
       Volcano |       0 |    1101 |   0.0 |       0 |       2 |   0.0 |   307
               +---------+---------+-------+---------+---------+-------+---------
